 Dungeon Crawl Stone Soup version 0.21.1-1-g345015f (webtiles) character file.

53235 Mesmaeker13 the Nimble (level 13, -2/105 HPs)
             Began as a Demigod Wanderer on Mar 21, 2018.
             Killed from afar by an ogre mage (59 damage)
             ... with a crystal spear
             ... on level 2 of the Orcish Mines on Mar 22, 2018.
             The game lasted 01:51:06 (35875 turns).

Mesmaeker13 the Nimble (Demigod Wanderer)          Turns: 35875, Time: 01:51:07

Health: -2/105     AC: 15    Str: 17      XL:     13   Next: 98%
Magic:  17/24      EV: 21    Int: 20 (22) God:
Gold:   607        SH:  6    Dex: 21      Spells: 2/22 levels left

rFire    . . .     SeeInvis +   q - +4 demon whip "Fuduasau" {freeze, rElec Dex+3 SInv}
rCold    + . .     Gourm    .   k - +0 buckler
rNeg     . . .     Faith    .   I - +2 leather armour {rPois}
rPois    +         Spirit   .   A - +1 helmet of the Echidna {Str+3}
rElec    +         Reflect  .   b - +2 cloak
rCorr    .         Harm     .   g - +1 pair of gloves
MR       +....                  (no boots)
Stlth    ++........             J - amulet of regeneration
HPRegen  0.67/turn              t - ring of Vurghyisae {rC+ AC+2}
MPRegen  0.19/turn              e - ring of wizardry

@: no status effects
A: high mp 1
a: no special abilities


You were on level 2 of the Orcish Mines.
You were not hungry.

You visited 3 branches of the dungeon, and saw 20 of its levels.

You collected 1829 gold pieces.
You spent 1222 gold pieces at shops.

Inventory:

Hand Weapons
 q - the +4 demon whip "Fuduasau" (weapon) {freeze, rElec Dex+3 SInv}
   (You found it on level 6 of the Lair of Beasts)

   It has been specially enchanted to freeze those struck by it, causing extra
   injury to most foes and up to half again as much damage against particularly
   susceptible opponents.
   It can also slow down cold-blooded creatures.
   It affects your dexterity (+3).
   It insulates you from electricity.
   It lets you see invisible.
Armour
 b - a +2 cloak (worn)
 g - a +1 pair of gloves (worn)
 k - a +0 buckler (worn)
 l - a +1 leather armour of fire resistance
 x - the +3 leather armour "Segucod" {rF+++ MR- Regen+ Str-5}
   (You found it on level 6 of the Lair of Beasts)

   It affects your strength (-5).
   It renders you almost immune to fire.
   It affects your resistance to hostile enchantments.
   It increases your rate of regeneration.
 A - the +1 helmet of the Echidna (worn) {Str+3}
   (You found it on level 8 of the Dungeon)

   It affects your strength (+3).
 I - a +2 leather armour of poison resistance (worn)
Magical Staves
 a - an uncursed staff of energy
 u - an uncursed staff of cold
Jewellery
 e - a ring of wizardry (right hand)
 i - an uncursed ring of magical power
 n - a +3 amulet of reflection
 t - the ring of Vurghyisae (left hand) {rC+ AC+2}
   (You acquired it on level 4 of the Dungeon)

   [ring of protection]

   It affects your AC (+2).
   It protects you from cold.
 J - an amulet of regeneration (around neck)
Scrolls
 c - 3 scrolls of teleportation
 p - 2 scrolls of vulnerability {unknown}
 r - 5 scrolls of remove curse
 y - 2 scrolls of fog {unknown}
 z - a scroll of random uselessness {unknown}
 B - 2 scrolls of magic mapping
 C - a scroll of enchant armour
 K - a scroll of blinking {unknown}
Potions
 d - a potion of might {unknown}
 h - 2 potions of haste
 j - 7 potions of curing
 v - 2 potions of heal wounds
 E - a potion of berserk rage {unknown}
 F - a potion of resistance {unknown}
 H - a potion of brilliance {unknown}
 L - a potion of cancellation {unknown}
Miscellaneous
 G - a phial of floods
Comestibles
 f - 13 rations
 m - 3 chunks of flesh


   Skills:
 - Level 7.3 Fighting
 - Level 3.1 Maces & Flails
 - Level 5.0 Armour
 - Level 11.0 Dodging
 - Level 4.7 Shields
 - Level 2.6 Unarmed Combat
 - Level 5.0 Spellcasting
 - Level 7.0 Conjurations
 - Level 4.9 Charms
 - Level 9.0 Summonings
 - Level 5.0 Fire Magic
 - Level 9.0 Ice Magic
 + Level 5.8 Air Magic
 - Level 1.0 Evocations


You had 2 spell levels left.
You knew the following spells:

 Your Spells              Type           Power        Failure   Level  Hunger
a - Freeze                Ice            ####         1%          1    None
b - Ozocubu's Armour      Chrm/Ice       ####....     1%          3    ##.....
c - Flame Tongue          Conj/Fire      ####.        1%          1    None
d - Summon Demon          Summ           #####.....   3%          5    #####..
e - Throw Icicle          Conj/Ice       #####...     1%          4    ####...
f - Freezing Cloud        Conj/Ice/Air   ####......   38%         6    #######


Dungeon Overview and Level Annotations

Branches:
Dungeon (12/15)            Temple (0/1) D:4            Lair (6/6) D:9
 Shoals (0/4) Lair:3        Snake (0/4) Lair:3        Slime (0/5) Lair:6
    Orc (2/2) D:11            Elf (0/3) Orc:2

Shops:
D:4 ?   D:7 =   D:8 !   D:9 *   D:11 *   Orc:2 }

Annotations:
D:4 Baghtru's ghost, amateur MiFi
D:9 letownia2's ghost, journeyman GrWz
Lair:4 exclusion: oklob plant


Innate Abilities, Weirdness & Mutations

You have an increased reservoir of magic. (+10% MP)


Message History

Aim: an ogre mage, wielding a spear and wearing a robe Attack!
Your chaos spawn degenerates into a cloud of primal chaos!
Some of the chunks of flesh in your inventory have rotted away.
The ogre mage points at you and mumbles some strange words.
The crystal spear hits you!
You hear a shout! x5
Casting: Summon Demon
Confirm with . or Enter, or press ? or * to list all spells.
Aiming: Throw Icicle
Press: ? - help, Shift-Dir - straight line, f/p - ogre mage
Aim: an ogre mage, wielding a spear and wearing a robe
Okay, then.
Casting: Throw Icicle
Confirm with . or Enter, or press ? or * to list all spells.
You open a gate to Pandemonium!
A demon appears!
The ogre mage gestures at you while chanting.
The crystal spear hits you!
Ouch! That really hurt!
You die...

### ###### ######
.##..###..#.###....###
...........<...###...###
...............#∩'.....##
...............###.#....#
..................####.##
...$..............##.###
......................#
$......<......@#..##.##
.............##.3.####
......>......#.....#
.............).O...#
..................##
.......................#
#.#.....................
.#..........#...........
...$.............


You could see an ogre mage and a friendly ynoxinul.

Vanquished Creatures
  4 hydras
  8 two-headed ogres
  An unseen horror (D:11)
  2 deep trolls
  An orc knight (D:11)
  An ugly thing (D:11)
  An orc sorcerer (D:11)
  A manticore (Lair:3)
  8 elephants
  2 black mambas
  Maurice (D:11)
  5 spiny frogs
  2 rime drakes
  2 komodo dragons (Lair:6)
  5 trolls
  A wind drake (Lair:6)
  3 hornets
  5 hippogriffs
  17 blink frogs
  A shadow (D:12)
  3 wraiths
  30 yaks
  A wyvern (Lair:6)
  A hog (D:10)
  A hungry ghost (D:11)
  2 basilisks
  Edmund (D:5)
  2 nagas (Lair:3)
  2 wargs (D:9)
  7 water moccasins
  9 porcupines
  2 ice beasts
  2 black bears
  An eye of draining (D:10)
  5 orc warriors
  3 necrophages
  5 sky beasts
  8 ogres
  3 phantoms
  25 wolves
  5 centaurs (D:12)
  11 crocodiles
  A big kobold (D:7)
  7 bullfrogs
  2 scorpions
  6 killer bees (D:8)
  A troll zombie (D:11)
  18 wights
  A howler monkey (D:9)
  3 crimson imps
  A centaur zombie (D:9)
  A quasit (D:5)
  A bullfrog skeleton (D:5)
  5 human zombies (D:7)
  A jelly (D:12)
  20 orc priests
  4 hounds
  A centaur skeleton (D:11)
  27 orc wizards
  3 iguanas
  5 worker ants
  A killer bee zombie (D:7)
  4 ogre zombies (D:11)
  A hound skeleton (D:5)
  Robin (D:2)
  A howler monkey skeleton (D:11)
  10 gnolls
  8 adders
  3 shadow imps
  An ooze (D:3)
  An adder zombie (D:5)
  2 worms
  2 dart slugs
  8 leopard geckos
  46 orcs
  A ball python (D:7)
  A giant cockroach (D:5)
  18 goblins
  12 hobgoblins
  7 jackals
  13 kobolds
  2 quokkas (D:2)
  12 bats
  6 frilled lizards
  2 goblin zombies (D:11)
  A hobgoblin zombie (D:11)
  An orc skeleton (D:11)
  14 orc zombies (D:11)
  9 rats
496 creatures vanquished.

Vanquished Creatures (collateral kills)
  A dire elephant (Lair:6)
  2 hydras
  A merfolk avatar (Lair:6)
  A two-headed ogre (Orc:1)
  A harpy (Lair:6)
  An ugly thing (D:11)
  An orc sorcerer (Orc:2)
  A cyclops (Orc:1)
  A black mamba (Lair:6)
  10 elephants
  A gargoyle (D:11)
  7 spiny frogs
  3 rime drakes (Lair:6)
  3 komodo dragons
  6 trolls
  4 polar bears (Lair:6)
  A hornet (Lair:3)
  A wind drake (Lair:6)
  8 blink frogs
  2 hippogriffs (Lair:6)
  2 wyverns
  3 hogs (D:10)
  17 yaks
  A human (D:10)
  2 hungry ghosts
  A warg (D:9)
  A naga (Lair:3)
  6 water moccasins
  A porcupine (Lair:5)
  4 orc warriors
  A necrophage (D:10)
  A sky beast (D:10)
  3 wolves (Lair:5)
  2 ogres (Orc:1)
  2 centaurs
  5 crocodiles
  4 bullfrogs
  A gnoll sergeant (D:6)
  A troll zombie (D:11)
  A troll skeleton (D:7)
  A wight (D:12)
  A crimson imp (D:10)
  A hound (D:10)
  3 orc priests (Orc:1)
  An orc wizard (Orc:1)
  A bullfrog skeleton (D:12)
  A worker ant (D:10)
  A gnoll (D:6)
  8 orcs
  A bat (D:12)
  An orc zombie (D:11)
  A fungus (Lair:6)
  A plant (Lair:6)
137 creatures vanquished.

Vanquished Creatures (others)
  An orc sorcerer (Orc:1)
  An ogre (Orc:1)
  30 fungi
  34 plants
66 creatures vanquished.

Grand Total: 699 creatures vanquished

Notes
Turn   | Place    | Note
-------+----------+-------------------------------------------
     0 | D:1      | Mesmaeker13 the Demigod Wanderer began the quest for the Orb.
     0 | D:1      | Mesmaeker13 set off with: a book of Frost, the Tome of Confrontation, a potion of lignification, a +0 robe, a +0 dagger, a ration
     0 | D:1      | Reached XP level 1. HP: 17/17 MP: 3/3
     0 | D:1      | Identified the Tome of Confrontation
   563 | D:1      | Reached skill level 1 in Dodging
   864 | D:1      | Reached skill level 1 in Spellcasting
   864 | D:1      | Reached XP level 2. HP: 10/24 MP: 5/5
  1039 | D:1      | Learned a level 1 spell: Freeze
  1972 | D:2      | Reached XP level 3. HP: 29/29 MP: 0/6
  2288 | D:2      | Noticed Robin
  2389 | D:2      | Reached skill level 2 in Dodging
  2723 | D:2      | Learned a level 2 spell: Throw Frost
  2981 | D:2      | Killed Robin
  2981 | D:2      | Reached XP level 4. HP: 29/36 MP: 2/8
  3245 | D:3      | Noticed an ice beast
  3251 | D:2      | Learned a level 1 spell: Flame Tongue
  3528 | D:3      | Found an iron altar of Okawaru.
  3656 | D:3      | Reached skill level 1 in Conjurations
  4420 | D:4      | Found a hide-covered altar of Uskayaw.
  4579 | D:4      | Noticed Baghtru's ghost (amateur MiFi)
  4624 | D:5      | Entered Level 5 of the Dungeon
  4727 | D:5      | Reached XP level 5. HP: 38/41 MP: 4/9
  4844 | D:5      | Reached skill level 3 in Dodging
  5102 | D:4      | Found Jeasip's Magic Scroll Boutique.
  5120 | D:4      | Found a staircase to the Ecumenical Temple.
  5484 | D:5      | Noticed Edmund
  6067 | D:5      | Killed Edmund
  6067 | D:5      | Reached XP level 6. HP: 48/48 MP: 6/10
  6362 | D:5      | Reached skill level 4 in Dodging
  6588 | D:5      | Reached XP level 7. HP: 24/53 MP: 1/11
  6811 | D:5      | Reached skill level 5 in Ice Magic
  7084 | D:5      | Learned a level 4 spell: Summon Ice Beast
  7090 | D:6      | Reached skill level 1 in Fire Magic
  7816 | D:6      | Reached skill level 1 in Summonings
  8283 | D:4      | Bought a scroll of identify for 24 gold pieces
  8283 | D:4      | Bought a scroll of identify for 24 gold pieces
  9052 | D:7      | Reached skill level 5 in Dodging
  9470 | D:6      | Reached XP level 8. HP: 42/60 MP: 7/12
  9561 | D:7      | Found Godghunaa's Jewellery Emporium.
 12448 | D:7      | Found a bloodstained altar of Trog.
 12448 | D:7      | Found an opulent altar of Gozag.
 12583 | D:7      | Reached skill level 6 in Dodging
 12659 | D:7      | Found a basalt altar of Yredelemnul.
 13072 | D:8      | Reached XP level 9. HP: 67/67 MP: 3/13
 13533 | D:8      | Got a spiked helmet
 13612 | D:8      | Identified the +1 helmet of the Echidna {Str+3} (You found it on level 8 of the Dungeon)
 14406 | D:8      | Found Qewk's Distillery.
 14622 | D:7      | Bought an uncursed ring of magical power for 240 gold pieces
 14862 | D:9      | Found an ancient bone altar of Kikubaaqudgha.
 14945 | D:9      | Noticed letownia2's ghost (journeyman GrWz)
 15113 | D:9      | Found a staircase to the Lair.
 15265 | D:9      | Reached skill level 5 in Summonings
 15390 | D:9      | Reached skill level 7 in Dodging
 15786 | D:9      | Noticed a two-headed ogre
 15813 | D:9      | Killed a two-headed ogre
 15813 | D:9      | Reached XP level 10. HP: 77/77 MP: 9/14
 16288 | D:9      | Found Lakipinu's Assorted Antiques.
 16471 | Lair:1   | Entered Level 1 of the Lair of Beasts
 17307 | D:9      | Found a deep blue altar of Sif Muna.
 17309 | D:9      | Found a radiant altar of Vehumet.
 17313 | D:9      | Identified Sif Muna's Disquisition on the Oath
 17383 | D:9      | Reached skill level 5 in Conjurations
 17865 | Lair:1   | Reached skill level 8 in Dodging
 18367 | Lair:1   | Learned a level 4 spell: Throw Icicle
 18682 | Lair:1   | Reached skill level 5 in Fighting
 19228 | Lair:2   | Noticed a five-headed hydra
 19257 | Lair:2   | Killed a five-headed hydra
 19652 | Lair:1   | Reached XP level 11. HP: 55/88 MP: 7/18
 20708 | Lair:3   | Paralysed by a hornet for 1 turns
 21543 | Lair:3   | Reached skill level 9 in Dodging
 21807 | Lair:3   | Got a brightly glowing leather armour
 21819 | Lair:3   | Identified the +1 leather armour "Detabairo" {Int+4 Dex+3} (You found it on level 3 of the Lair of Beasts)
 21995 | Lair:3   | Found a staircase to the Snake Pit.
 22103 | Lair:3   | Reached skill level 1 in Armour
 22346 | Lair:3   | Found a staircase to the Shoals.
 22520 | Lair:3   | Noticed a seven-headed hydra
 22526 | Lair:3   | Killed a seven-headed hydra
 23378 | Lair:3   | Noticed a six-headed hydra
 23386 | Lair:3   | Killed a six-headed hydra
 23466 | Lair:3   | Noticed an eight-headed hydra
 23478 | Lair:3   | Killed an eight-headed hydra
 23478 | Lair:3   | Reached skill level 5 in Spellcasting
 23728 | Lair:1   | Learned a level 3 spell: Ozocubu's Armour
 23851 | Lair:4   | Reached XP level 12. HP: 90/100 MP: 14/23
 24541 | Lair:4   | Reached skill level 1 in Charms
 25510 | Lair:5   | Reached skill level 5 in Fire Magic
 25708 | Lair:5   | Noticed a four-headed hydra
 25943 | Lair:5   | Killed a four-headed hydra
 26063 | Lair:5   | Reached skill level 5 in Armour
 26860 | Lair:6   | Entered Level 6 of the Lair of Beasts
 28319 | Lair:6   | Noticed a dire elephant
 28337 | Lair:6   | Killed a dire elephant
 28349 | Lair:6   | Learned a level 5 spell: Summon Demon
 28436 | Lair:6   | Reached XP level 13. HP: 105/105 MP: 5/24
 28837 | Lair:6   | Found a viscous altar of Jiyva.
 28838 | Lair:6   | Found a staircase to the Slime Pits.
 28864 | Lair:6   | Got a warped leather armour
 28875 | Lair:6   | Identified the +3 leather armour "Segucod" {rF+++ MR- Regen+ Str-5} (You found it on level 6 of the Lair of Beasts)
 29139 | Lair:6   | Reached skill level 10 in Dodging
 29536 | Lair:6   | Got a smoking demon whip
 29871 | Lair:1   | Identified the +4 demon whip "Fuduasau" {freeze, rElec Dex+3 SInv} (You found it on level 6 of the Lair of Beasts)
 29901 | D:10     | Entered Level 10 of the Dungeon
 30105 | D:10     | Reached skill level 1 in Maces & Flails
 31232 | D:11     | Found a deep blue altar of Sif Muna.
 31237 | D:11     | Noticed Maurice
 31253 | D:11     | Killed Maurice
 31309 | D:11     | Found a staircase to the Orcish Mines.
 31577 | D:11     | Found Mezo's General Store.
 31581 | D:11     | Bought a +2 leather armour of poison resistance for 240 gold pieces
 32036 | Lair:1   | Learned a level 6 spell: Freezing Cloud
 32092 | Orc:1    | Entered Level 1 of the Orcish Mines
 32092 | Orc:1    | Found a flagged portal.
 32096 | Orc:1    | Paralysed by an orc sorcerer for 6 turns
 32695 | D:12     | Reached skill level 1 in Air Magic
 33327 | D:4      | Bought a scroll of acquirement for 624 gold pieces
 33331 | D:4      | Got a coiled golden ring
 33333 | D:4      | Identified the ring of Vurghyisae {rC+ AC+2} (You acquired it on level 4 of the Dungeon)
 33338 | D:4      | Got a spiked crystal plate armour
 33469 | D:8      | Bought a potion of heal wounds for 70 gold pieces
 33964 | D:11     | Reached skill level 11 in Dodging
 34314 | Orc:1    | Found a roughly hewn altar of Beogh.
 34542 | Orc:2    | Entered Level 2 of the Orcish Mines
 34542 | Orc:2    | Found a staircase to the Elven Halls.
 35183 | Orc:1    | Reached skill level 5 in Air Magic
 35618 | Orc:2    | Found Ciwkojee's Gadget Emporium.
 35875 | Orc:2    | Killed from afar by an ogre mage

Skill      XL: |  1  2  3  4  5  6  7  8  9 10 11 12 13 |
---------------+----------------------------------------+-----
Dodging        | 1 2 3 4 5 6 7 8 9 11 | 11.0
Spellcasting   | 1 2 5 |  5.0
Ice Magic      | 3 4 5 6 7 9 |  9.0
Conjurations   | 1 2 3 4 5 7 |  7.0
Fire Magic     | 2 4 5 |  5.0
Summonings     | 2 4 5 7 9 |  9.0
Shields        | 2 4 |  4.7
Fighting       | 3 5 7 |  7.3
Armour         | 3 5 |  5.0
Charms         | 4 |  4.9
Maces & Flails | 3 |  3.1
Air Magic      | 5 |  5.8
Unarmed Combat | |  2.6
Evocations     | |  1.0

Action                   |  1- 3 |  4- 6 |  7- 9 | 10-12 | 13-15 || total
-------------------------+-------+-------+-------+-------+-------++-------
Melee: Dagger            |    78 |    43 |    87 |     9 |       ||   217
       Punch             |     1 |     1 |       |       |       ||     2
       Quarterstaff      |    29 |       |    33 |       |       ||    62
       Staff             |       |     1 |       |    72 |     1 ||    74
       Demon whip        |       |       |       |       |   519 ||   519
       Trident           |       |       |       |       |     9 ||     9
 Cast: Freeze            |    64 |    99 |   160 |   703 |   154 ||  1180
       Throw Frost       |       |    17 |    49 |    34 |       ||   100
       Flame Tongue      |       |       |   219 |    65 |    15 ||   299
       Summon Ice Beast  |       |       |     7 |    77 |       ||    84
       Throw Icicle      |       |       |       |    43 |    55 ||    98
       Ozocubu's Armour  |       |       |       |     3 |     4 ||     7
       Summon Demon      |       |       |       |     1 |    54 ||    55
Evoke: Wand              |       |     2 |    13 |       |       ||    15
  Use: Scroll            |     3 |     2 |     7 |    14 |     7 ||    33
       Potion            |       |     1 |     4 |     2 |     5 ||    12
 Stab: Paralysed         |       |     9 |     9 |       |       ||    18
       Sleeping          |       |     1 |     1 |     1 |     2 ||     5
       Distracted        |       |       |       |     2 |     7 ||     9
  Eat: Chunk             |     8 |    12 |    24 |    41 |    30 ||   115
       Ration            |       |     1 |     7 |     3 |     6 ||    17
Armor: Robe              |    29 |    29 |    51 |    20 |       ||   129
       Skin              |       |     8 |    18 |       |       ||    26
       Leather armour    |       |       |       |   133 |   176 ||   309
Dodge: Dodged            |   108 |   122 |   241 |   636 |   834 ||  1941
Block: Other             |       |       |    24 |       |       ||    24
       Reflection        |       |       |     2 |     1 |       ||     3
       Buckler           |       |       |    30 |   310 |   270 ||   610
